[Event "November 21 Early 2023"]
[Site "https://www.chess.com"]
[Date "2023.11.21"]
[Round "1"]
[White "Urazayev, Arystanbek"]
[Black "Estrada Nieto, Julian"]
[Result "1-0"]
[Board "71"]
[TimeControl "180+1"]
[WhiteFideId "13709810"]
[BlackFideId "5101018"]
[WhiteElo "2405"]
[BlackElo "2161"]
[WhiteTeam "KAZ"]
[BlackTeam "ESP"]
[WhiteClock "0:01:19"]
[BlackClock "0:00:14"]

1. d4 d5 2. c4 dxc4 3. Nf3 Nf6 4. e3 e6 5. Bxc4 c5 6. O-O a6 7. e4 b5 8. Be2 cxd4 9. e5 Ne4 10. a4 b4 11. Nxd4 Bc5 12. Be3 Bb7 13. Bf3 Ra7 14. Qd3 f5 15. Bxe4 Bxe4 16. Qc4 Qd5 17. Rc1 Nd7 18. Nd2 Bxg2 19. Nxe6 Qxc4 20. Nxc4 Bxe3 21. Nxe3 Bb7 22. Nxg7+ Kf7 23. Rc7 Kxg7 24. Rxd7+ Kg6 25. Rad1 Rg8 26. R1d6+ Kg5 27. Kf1 a5 28. Ke1 Rc8 29. Kd2 f4 30. Nd5 Bxd5 31. Rxa7 Bb3 32. e6 Rc2+ 33. Kd3 Rc1 34. e7 Bxa4 35. Rxa5+ Kg4 36. Rxa4 Re1 37. Ra7 Kf3 38. Rd8 Kxf2 39. e8=Q Rxe8 40. Rxe8 f3 41. Rf7 Kg2 42. Rg8+ Kf2 43. Rgf8 b3 44. Rxf3+ Kg2 45. R3f7 h5 46. Rg8+ Kh3 47. Rh7 h4 48. Ke2 Kxh2 49. Rxh4# 1-0

[Event "November 21 Early 2023"]
[Site "https://www.chess.com"]
[Date "2023.11.21"]
[Round "1"]
[White "topce"]
[Black "Pakleza, Zbigniew"]
[Result "0-1"]
[Board "72"]
[TimeControl "180+1"]
[BlackFideId "1119290"]
[WhiteElo "2452"]
[BlackElo "2410"]
[BlackTeam "POL"]
[WhiteClock "0:00:09"]
[BlackClock "0:00:26"]

1. c4 c6 2. e3 d5 3. Nc3 Nf6 4. Nf3 Bg4 5. b3 e6 6. Be2 Nbd7 7. Bb2 h6 8. d3 Be7 9. a3 a5 10. h3 Bf5 11. g4 Bg6 12. Rg1 Qb6 13. h4 Nc5 14. g5 hxg5 15. hxg5 Nfd7 16. cxd5 cxd5 17. Nd4 Ne5 18. e4 dxe4 19. dxe4 O-O-O 20. f4 Ned3+ 21. Bxd3 Rxd4 22. Nd5 Nxd3+ 23. Qxd3 Rxd5 24. exd5 Bxd3 25. Be5 Qxg1+ 26. Kd2 Qf2+ 27. Kxd3 Rh3+ 28. Kc4 Qc5# 0-1

[Event "November 21 Early 2023"]
[Site "https://www.chess.com"]
[Date "2023.11.21"]
[Round "1"]
[White "Bordi, Kevin"]
[Black "ATM622"]
[Result "1-0"]
[Board "73"]
[TimeControl "180+1"]
[WhiteFideId "621862"]
[WhiteElo "2828"]
[BlackElo "2451"]
[WhiteTeam "MNC"]
[WhiteClock "0:00:57"]
[BlackClock "0:00:01"]

1. d4 Nf6 2. Bg5 d5 3. Nd2 Nbd7 4. Ngf3 h6 5. Bxf6 Nxf6 6. e3 Bf5 7. c4 c6 8. Qb3 Qb6 9. cxd5 Qxb3 10. Nxb3 Nxd5 11. Nc5 b6 12. Bd3 Bc8 13. Nb3 Bb7 14. Rc1 e6 15. Ne5 Bb4+ 16. Ke2 Rc8 17. a3 Bd6 18. f4 O-O 19. Rc2 Rc7 20. Rhc1 Rfc8 21. Nd2 c5 22. Ne4 Be7 23. dxc5 bxc5 24. Nc4 Ba6 25. Ne5 Bb7 26. g3 Nb6 27. Nd2 Rd8 28. Ndc4 Bd5 29. e4 Bb7 30. Na5 Ba8 31. Ke3 Bd6 32. Bb5 Bf8 33. b4 Rd4 34. Nac6 Bxc6 35. Nxc6 Rd6 36. bxc5 Rdxc6 37. Bxc6 Rxc6 38. cxb6 Rxb6 39. Rc8 g6 40. Ra8 Rb3+ 41. Ke2 Rxa3 42. Rcc8 1-0

[Event "November 21 Early 2023"]
[Site "https://www.chess.com"]
[Date "2023.11.21"]
[Round "1"]
[White "Kassimov, Baurzhan"]
[Black "Maksimovic, Bojan"]
[Result "0-1"]
[Board "74"]
[TimeControl "180+1"]
[WhiteFideId "13704800"]
[BlackFideId "14408120"]
[WhiteElo "2220"]
[BlackElo "2546"]
[WhiteTeam "KAZ"]
[BlackTeam "BIH"]
[WhiteClock "0:00:01"]
[BlackClock "0:00:59"]

1. c4 Nf6 2. Nc3 g6 3. g3 Bg7 4. Bg2 O-O 5. Nf3 d6 6. O-O e5 7. d3 Re8 8. Bg5 h6 9. Bxf6 Bxf6 10. Nd2 a5 11. a3 Bg7 12. Rb1 Nc6 13. b4 axb4 14. axb4 e4 15. Nd5 exd3 16. exd3 Nd4 17. b5 Ra2 18. Nc3 Ra3 19. Nb3 Qg5 20. Ne4 Qe5 21. Nxd4 Qxd4 22. Rb3 Ra2 23. Nc3 Bg4 24. Qc1 Qxd3 25. Ra3 Rxa3 26. Qxa3 Qxc3 27. Qxc3 Bxc3 0-1

[Event "November 21 Early 2023"]
[Site "https://www.chess.com"]
[Date "2023.11.21"]
[Round "1"]
[White "Petkov, Momchil"]
[Black "Ahn, Hongjin"]
[Result "1-0"]
[Board "75"]
[TimeControl "180+1"]
[WhiteFideId "2921642"]
[BlackFideId "13201492"]
[WhiteElo "2383"]
[BlackElo "2182"]
[WhiteTeam "BUL"]
[BlackTeam "KOR"]
[WhiteClock "0:00:28"]
[BlackClock "0:00:05"]

1. d4 Nf6 2. Nf3 e6 3. Bf4 b6 4. e3 Bb7 5. a4 c5 6. Nc3 Be7 7. Nb5 Na6 8. Nd6+ Bxd6 9. Bxd6 Ne4 10. Be5 O-O 11. c3 d6 12. Bg3 Nc7 13. Bd3 f5 14. Bxe4 fxe4 15. Nd2 Nd5 16. Qg4 Nf6 17. Qxe6+ Kh8 18. Qxd6 Qe8 19. O-O Rd8 20. Qe5 Qg6 21. b4 Nd5 22. Qxe4 Qf7 23. Qc2 cxb4 24. cxb4 Nxb4 25. Qb3 Qe7 26. Rac1 Bd5 27. Qb1 a5 28. Rc7 Qe8 29. Be5 Rd7 30. Rfc1 Qe6 31. Rxd7 Qxd7 32. Rc7 Qg4 33. Rxg7 Qxg7 34. Bxg7+ Kxg7 35. e4 Ba2 36. Qb2 Rc8 37. d5+ Kg8 38. h4 Rc2 39. Qd4 Rc1+ 40. Kh2 Nc2 1-0

[Event "November 21 Early 2023"]
[Site "https://www.chess.com"]
[Date "2023.11.21"]
[Round "1"]
[White "Della Morte, German"]
[Black "Concio, Michael Jr."]
[Result "0-1"]
[Board "76"]
[TimeControl "180+1"]
[WhiteFideId "113522"]
[BlackFideId "5217873"]
[WhiteElo "2306"]
[BlackElo "2300"]
[WhiteTeam "ARG"]
[BlackTeam "PHI"]
[WhiteClock "0:01:51"]
[BlackClock "0:01:56"]

1. e4 e5 2. Nc3 Nc6 3. Bb5 Nd4 4. Ba4 Bc5 5. d3 c6 6. Be3 d6 7. Nge2 Ne7 8. O-O f5 9. Bb3 Nxb3 10. axb3 f4 11. Bxc5 dxc5 12. f3 g5 13. Qd2 O-O 14. Nd1 b6 15. b4 Qd6 16. bxc5 Qxc5+ 17. d4 Rd8 18. c3 Qc4 19. Nf2 Be6 20. Rfd1 Rd7 21. Nd3 Ng6 22. Qc2 exd4 23. Nxd4 Rxd4 24. b3 Qxb3 25. Qxb3 Bxb3 26. cxd4 Bxd1 27. Rxd1 a5 28. Rc1 Ne7 29. Ne5 a4 30. Nxc6 Nxc6 31. Rxc6 a3 32. Rc1 a2 33. Ra1 b5 34. d5 b4 35. d6 b3 36. d7 b2 37. Rd1 b1=Q 0-1

[Event "November 21 Early 2023"]
[Site "https://www.chess.com"]
[Date "2023.11.21"]
[Round "1"]
[White "luckyswitchback"]
[Black "Rosenberg, Evan S"]
[Result "1-0"]
[Board "77"]
[TimeControl "180+1"]
[BlackFideId "2019299"]
[WhiteElo "2805"]
[BlackElo "2447"]
[BlackTeam "USA"]
[WhiteClock "0:01:34"]
[BlackClock "0:01:14"]

1. e4 e5 2. Nf3 Nc6 3. Bb5 Nf6 4. O-O Nxe4 5. Re1 Nd6 6. Nxe5 Be7 7. Bf1 Nxe5 8. Rxe5 O-O 9. Nc3 Bf6 10. Re1 c6 11. d4 Nf5 12. d5 Re8 13. Ne4 Bd4 14. c3 Bb6 15. d6 Re6 16. Bf4 h6 17. Qg4 g6 18. Bc4 h5 19. Qh3 1-0

[Event "November 21 Early 2023"]
[Site "https://www.chess.com"]
[Date "2023.11.21"]
[Round "1"]
[White "Swicarz, Maciej"]
[Black "Molina, Roberto Junio Brito"]
[Result "0-1"]
[Board "78"]
[TimeControl "180+1"]
[WhiteFideId "1113585"]
[BlackFideId "2109450"]
[WhiteElo "2127"]
[BlackElo "2389"]
[WhiteTeam "POL"]
[BlackTeam "BRA"]
[WhiteClock "0:00:01"]
[BlackClock "0:00:14"]

1. c4 c6 2. Nf3 d5 3. d4 Nf6 4. Qb3 dxc4 5. Qxc4 Bf5 6. g3 e6 7. Bg2 Be7 8. O-O O-O 9. e3 h6 10. Rd1 Nbd7 11. Nc3 Rc8 12. Qe2 Ne4 13. Ne1 Nxc3 14. bxc3 Qa5 15. e4 Bg6 16. Bd2 Rfd8 17. Nd3 Qa6 18. Qe3 c5 19. h4 cxd4 20. cxd4 Nb6 21. Nf4 Nc4 22. Qe2 Bh7 23. d5 exd5 24. Nxd5 Bd6 25. Bf1 Nxd2 26. Qxa6 Nf3+ 27. Kg2 Nxh4+ 28. gxh4 bxa6 29. Bd3 Kf8 30. Rac1 Rxc1 31. Rxc1 f6 32. Rc6 Bb8 33. Rxa6 Rxd5 34. exd5 Bxd3 35. Ra5 Ke7 36. Kf3 Kd6 37. Ke3 Bf1 38. Kd4 a6 39. f3 Ba7+ 40. Ke4 Bb6 41. Ra3 Bc5 42. Rc3 g6 43. Rc1 Bh3 44. Rd1 Bf5+ 45. Kf4 Ba3 46. h5 Bb2 47. hxg6 Bxg6 48. Kg4 f5+ 49. Kf4 Be5+ 50. Ke3 Bf7 51. f4 Bf6 52. Rh1 h5 53. Rd1 h4 54. Kf3 Bxd5+ 55. Kf2 Kc5 56. Rc1+ Kd4 57. Rd1+ Ke4 58. Rf1 Kxf4 59. Ke2+ Ke5 60. Kd3 Bg2 61. Re1+ Kf4 0-1

[Event "November 21 Early 2023"]
[Site "https://www.chess.com"]
[Date "2023.11.21"]
[Round "1"]
[White "Pendos666"]
[Black "Zoete, Roelant"]
[Result "1-0"]
[Board "79"]
[TimeControl "180+1"]
[BlackFideId "40103269"]
[WhiteElo "2803"]
[BlackElo "2446"]
[BlackTeam "NED"]
[WhiteClock "0:00:45"]
[BlackClock "0:00:03"]

1. e4 e5 2. Nf3 Nc6 3. Bb5 a6 4. Bxc6 dxc6 5. O-O Bg4 6. h3 h5 7. d3 Qf6 8. Nbd2 g5 9. d4 exd4 10. e5 Qg6 11. Re1 Bxf3 12. Nxf3 O-O-O 13. Bxg5 Be7 14. Qd3 Qg7 15. Qf5+ Kb8 16. e6 fxe6 17. Rxe6 Bxg5 18. Qxg5 Qd7 19. Rae1 Ka7 20. Qc5+ Kb8 21. Qe5 Nh6 22. Re7 Qd6 23. Qxh5 Rdg8 24. Qe5 Qd8 25. Nxd4 Ka7 26. Qxc7 Qxc7 27. Rxc7 Rf8 28. Ree7 Rb8 29. Nxc6+ Kb6 30. Nxb8 Rxb8 31. g4 Ng8 32. Rf7 Nh6 33. Rg7 Ng8 34. g5 a5 35. h4 a4 36. h5 a3 37. bxa3 Ka6 38. h6 Nxh6 39. gxh6 b5 40. h7 b4 41. Rg8 Rb6 42. h8=Q bxa3 43. Ra8+ Kb5 44. Qe5+ Kb4 45. Qa5# 1-0

[Event "November 21 Early 2023"]
[Site "https://www.chess.com"]
[Date "2023.11.21"]
[Round "1"]
[White "Minko, Dmitry"]
[Black "Raja Rithvik R"]
[Result "0-1"]
[Board "80"]
[TimeControl "180+1"]
[WhiteFideId "24188468"]
[BlackFideId "35007394"]
[WhiteElo "1992"]
[BlackElo "2395"]
[WhiteTeam "FID"]
[BlackTeam "IND"]
[WhiteClock "0:00:04"]
[BlackClock "0:00:20"]

1. e4 c5 2. Nf3 d6 3. d4 cxd4 4. Nxd4 Nf6 5. Nc3 a6 6. f3 e5 7. Nb3 Be6 8. Be3 Nbd7 9. Qd2 b5 10. g4 Be7 11. O-O-O b4 12. Ne2 a5 13. Kb1 a4 14. Nbc1 O-O 15. g5 Nh5 16. Ng3 Nf4 17. h4 Qc7 18. Nf5 Nc5 19. Nxe7+ Qxe7 20. Qxd6 Qxd6 21. Rxd6 Rfc8 22. Ne2 Nh5 23. Bh3 Bxh3 24. Rxh3 b3 25. axb3 axb3 26. Bxc5 bxc2+ 27. Kxc2 Rxc5+ 28. Nc3 Nf4 29. Rh1 Ne6 30. Rd5 Nd4+ 31. Kd3 Rc6 32. f4 Ne6 33. Rxe5 Nxf4+ 34. Ke3 Ne6 35. Rd1 Rb8 36. Rd2 g6 37. Nd5 Rb3+ 38. Ke2 Kg7 39. Nf6 h6 40. Ra5 hxg5 41. hxg5 Rg3 42. b4 Nxg5 43. Ne8+ Kf8 44. Ra8 Ke7 45. e5 Rg2+ 46. Kd1 Rg1+ 47. Ke2 Rg2+ 48. Kd1 Rxd2+ 49. Kxd2 Nf3+ 50. Ke3 Nxe5 51. Ke4 Nd7 52. Kd5 Rb6 53. Kc4 Re6 54. b5 Nb6+ 55. Kc5 Nxa8 56. Ng7 Re5+ 57. Kd4 f6 0-1

[Event "November 21 Early 2023"]
[Site "https://www.chess.com"]
[Date "2023.11.21"]
[Round "1"]
[White "Weetik, Vjacheslav"]
[Black "PoXerStar"]
[Result "1-0"]
[Board "81"]
[TimeControl "180+1"]
[WhiteFideId "4153472"]
[WhiteElo "2469"]
[BlackElo "2444"]
[WhiteTeam "RUS"]
[WhiteClock "0:01:00"]
[BlackClock "0:00:22"]

1. e4 c6 2. d4 d5 3. exd5 cxd5 4. Bd3 Nf6 5. c3 Bg4 6. Qb3 Qc7 7. h3 Bd7 8. Ne2 Nc6 9. Bf4 Qc8 10. Nd2 e6 11. O-O Be7 12. Rfe1 O-O 13. a4 Na5 14. Qc2 a6 15. Ng3 Re8 16. Nf3 b5 17. Ne5 b4 18. Bg5 h6 19. Bxf6 Bxf6 20. Bh7+ Kf8 21. Ng4 Bh4 22. Nh5 bxc3 23. bxc3 Nc4 24. Bd3 e5 25. Bxc4 Bxg4 26. hxg4 Qxc4 27. Qh7 Bf6 28. dxe5 Rxe5 29. Rxe5 Bxe5 30. Qh8+ Ke7 31. Qxa8 1-0

[Event "November 21 Early 2023"]
[Site "https://www.chess.com"]
[Date "2023.11.21"]
[Round "1"]
[White "Astafurov, Arseniy"]
[Black "Llorente Zaro, Alfonso"]
[Result "0-1"]
[Board "82"]
[TimeControl "180+1"]
[WhiteFideId "24175218"]
[BlackFideId "2254131"]
[WhiteElo "2170"]
[BlackElo "2485"]
[WhiteTeam "RUS"]
[BlackTeam "ESP"]
[WhiteClock "0:00:00"]
[BlackClock "0:00:05"]

1. c4 Nf6 2. Nc3 e6 3. e4 c5 4. e5 Ng8 5. d4 cxd4 6. Qxd4 Nc6 7. Qf4 d6 8. Nf3 Nge7 9. exd6 Ng6 10. Qe4 Bxd6 11. Bd2 a6 12. O-O-O Qe7 13. h4 h6 14. Bd3 Nge5 15. Nxe5 Nxe5 16. Bc2 Nd7 17. g4 h5 18. g5 g6 19. Rhe1 O-O 20. Kb1 Nc5 21. Qd4 Qc7 22. b4 Nd7 23. Ne4 Be5 24. Qe3 b6 25. f4 Bg7 26. Bb3 Bb7 27. Bc1 a5 28. Nc3 axb4 29. Nb5 Qc8 30. Bb2 Bxb2 31. Kxb2 Nc5 32. Qe5 Qb8 33. Qd6 Bf3 34. Rd2 Bg4 35. Qxb8 Raxb8 36. Nd4 Rfd8 37. Rf1 Ne4 38. Rd3 Be2 39. Rfd1 Bxd1 40. Rxd1 Rb7 41. Ba4 Nc3 0-1

[Event "November 21 Early 2023"]
[Site "https://www.chess.com"]
[Date "2023.11.21"]
[Round "1"]
[White "Materia, Marco"]
[Black "Bychkov, Vladimir"]
[Result "0-1"]
[Board "83"]
[TimeControl "180+1"]
[WhiteFideId "45150451"]
[BlackFideId "24151513"]
[WhiteElo "2451"]
[BlackElo "2224"]
[WhiteTeam "FRA"]
[BlackTeam "RUS"]
[WhiteClock "0:00:30"]
[BlackClock "0:00:51"]

1. Nf3 Nf6 2. c4 c5 3. Nc3 d5 4. cxd5 Nxd5 5. g3 Nc6 6. Bg2 e5 7. O-O Be6 8. d3 Be7 9. Bd2 O-O 10. Rc1 Rc8 11. a3 b6 12. Qa4 f6 13. b4 cxb4 14. Nxd5 Bxd5 15. e4 Bf7 16. Rxc6 Qd7 17. Rfc1 Be8 18. Qb3+ Bf7 19. Qc2 b3 20. Rc7 Rxc7 21. Qxc7 Qxc7 22. Rxc7 b2 23. Rxe7 b1=Q+ 24. Be1 Bh5 25. Rxa7 Bxf3 26. Bxf3 Qxe1+ 27. Kg2 Qc3 28. Bg4 Qxd3 29. Be6+ Kh8 30. Bd5 h5 31. h4 Kh7 32. a4 Rc8 33. Be6 Qxe4+ 34. Kh2 Rc2 0-1

[Event "November 21 Early 2023"]
[Site "https://www.chess.com"]
[Date "2023.11.21"]
[Round "1"]
[White "Bogaudinov, Rushan"]
[Black "Lobanov, Sergei"]
[Result "0-1"]
[Board "84"]
[TimeControl "180+1"]
[WhiteFideId "4129288"]
[BlackFideId "24183750"]
[WhiteElo "1908"]
[BlackElo "2483"]
[WhiteTeam "RUS"]
[BlackTeam "FID"]
[WhiteClock "0:00:30"]
[BlackClock "0:00:26"]

1. d4 Nf6 2. Nf3 d5 3. e3 c5 4. Be2 Nc6 5. O-O cxd4 6. Nxd4 e5 7. Nxc6 bxc6 8. c4 Be7 9. Nc3 O-O 10. cxd5 cxd5 11. b3 Be6 12. Bb2 Qa5 13. Na4 Nd7 14. Rc1 Rac8 15. Qd3 f6 16. h4 Nb6 17. Nxb6 axb6 18. a3 Rfd8 19. b4 Qa4 20. Bd1 Qd7 21. Bb3 b5 22. h5 Rc4 23. Bxc4 bxc4 24. Qb1 Bf5 25. Qa2 Bd3 26. Rfd1 Qa4 27. h6 gxh6 28. Qa1 h5 29. f4 Qa7 30. fxe5 Qxe3+ 31. Kh1 Be4 32. Rc3 Qf2 33. Rg1 Qh4+ 0-1

[Event "November 21 Early 2023"]
[Site "https://www.chess.com"]
[Date "2023.11.21"]
[Round "1"]
[White "Rychkov, Oleg"]
[Black "Bashirli, Saadat"]
[Result "1-0"]
[Board "85"]
[TimeControl "180+1"]
[WhiteFideId "4122852"]
[BlackFideId "13429990"]
[WhiteElo "2398"]
[BlackElo "1537"]
[WhiteTeam "RUS"]
[BlackTeam "AZE"]
[WhiteClock "0:00:14"]
[BlackClock "0:00:07"]

1. e4 e5 2. Bc4 Nf6 3. Nc3 Nc6 4. d3 Bc5 5. f4 exf4 6. Bxf4 d6 7. Nf3 h6 8. Na4 Bb6 9. Nxb6 axb6 10. a3 O-O 11. O-O Be6 12. Bxe6 fxe6 13. Qd2 e5 14. Bg3 Nh5 15. Bf2 Nf4 16. Be3 g5 17. Kh1 Kh7 18. Rf2 Qd7 19. Raf1 Qg4 20. g3 Ne6 21. Qd1 Kg8 22. c3 Qh5 23. d4 exd4 24. cxd4 Ng7 25. Qb3+ Kh8 26. Qc4 Rae8 27. d5 Ne7 28. Bd4 Rc8 29. Qc3 Qg6 30. Kg1 c5 31. Nh4 gxh4 32. Rxf8+ Rxf8 33. Bxg7+ Qxg7 34. Rxf8+ Kh7 35. Qxg7+ Kxg7 36. Rb8 hxg3 37. hxg3 Kf6 38. Rxb7 Ng6 39. Rxb6 Ke5 40. a4 Kxe4 41. Rxd6 Ne5 42. Rxh6 Kxd5 43. a5 Nc4 44. a6 Nxb2 45. a7 c4 46. a8=Q+ Kd4 47. Rh4+ Kd3 48. Qf3+ Kc2 49. Rh2+ Kb1 50. Qc3 Nd1 51. Qc2+ Ka1 52. Qxd1# 1-0

[Event "November 21 Early 2023"]
[Site "https://www.chess.com"]
[Date "2023.11.21"]
[Round "1"]
[White "Vedder, Richard"]
[Black "Suyarov, Mukhammadzokhid"]
[Result "0-1"]
[Board "86"]
[TimeControl "180+1"]
[WhiteFideId "1004166"]
[BlackFideId "14210495"]
[WhiteElo "2168"]
[BlackElo "2449"]
[WhiteTeam "NED"]
[BlackTeam "UZB"]
[WhiteClock "0:00:40"]
[BlackClock "0:00:15"]

1. d4 e6 2. e4 d5 3. Nc3 Nf6 4. e5 Nfd7 5. Nf3 c5 6. dxc5 Nc6 7. Bf4 Nxc5 8. Bd3 Bd7 9. O-O Rc8 10. Qe2 Qb6 11. Rab1 Be7 12. Rfe1 h6 13. h4 a6 14. h5 Nb4 15. Be3 Qc7 16. Bd4 Nc6 17. a3 Nxd4 18. Nxd4 Qb6 19. Nf3 Nxd3 20. cxd3 O-O 21. d4 Qa5 22. Qe3 b5 23. Ne2 b4 24. axb4 Bxb4 25. Rec1 Bb5 26. Nf4 Qa2 27. Nd3 Rxc1+ 28. Rxc1 Be7 29. Rc7 Bd8 30. Rc1 Qb3 31. Nfe1 Bxd3 32. Qxd3 Qxb2 33. Rb1 Qa2 34. g3 Be7 35. Kg2 Rc8 36. Rb7 Qa3 37. Qxa3 Bxa3 38. Ra7 Bb4 39. Nd3 a5 40. Kf3 Rc4 41. Ke3 Bc3 42. Ra8+ Kh7 43. Nf4 Bxd4+ 44. Kd3 Bxe5 45. Ne2 a4 46. f4 Bc7 47. Ra7 g6 48. hxg6+ Kxg6 49. Nd4 Rxd4+ 0-1

[Event "November 21 Early 2023"]
[Site "https://www.chess.com"]
[Date "2023.11.21"]
[Round "1"]
[White "Alexandre, Anne Shopie Elizabeth"]
[Black "LangesNasenhaar"]
[Result "1-0"]
[Board "87"]
[TimeControl "180+1"]
[WhiteFideId "11902418"]
[WhiteElo "2781"]
[BlackElo "2435"]
[WhiteTeam "HAI"]
[WhiteClock "0:01:21"]
[BlackClock "0:00:00"]

1. e4 Nc6 2. Nf3 d6 3. d4 Nf6 4. Nc3 g6 5. d5 Nb8 6. Be2 Bg7 7. O-O O-O 8. Re1 c6 9. Bf4 Nbd7 10. dxc6 bxc6 11. h3 e5 12. Bg5 Qc7 13. Nd2 h6 14. Bh4 d5 15. Bf3 d4 16. Na4 c5 17. b3 Nb6 18. Nb2 a5 19. a4 Be6 20. Be2 Ne8 21. Ndc4 Nd6 22. Nxd6 Qxd6 23. Bg3 f5 24. exf5 gxf5 25. Bb5 f4 26. Bh2 Nd5 27. Nc4 Qc7 28. Qh5 Rf5 29. Qg6 Rf6 30. Qe4 Rf5 31. Nd2 Rd8 32. Bc4 Kh8 33. Qd3 Bc8 34. Nf3 Nc3 35. Nh4 Qd7 36. Ng6+ Kh7 37. Nxe5 Qd6 38. Nf7 Qg6 39. Nxd8 f3 40. g4 1-0

[Event "November 21 Early 2023"]
[Site "https://www.chess.com"]
[Date "2023.11.21"]
[Round "1"]
[White "Melikhov, Evgeny V."]
[Black "Vignesh N R"]
[Result "0-1"]
[Board "88"]
[TimeControl "180+1"]
[WhiteFideId "4122046"]
[BlackFideId "25012215"]
[WhiteElo "2165"]
[BlackElo "2425"]
[WhiteTeam "GRE"]
[BlackTeam "IND"]
[WhiteClock "0:00:21"]
[BlackClock "0:00:27"]

1. d4 Nf6 2. c4 e6 3. Nc3 Bb4 4. Qc2 d5 5. cxd5 exd5 6. Bg5 h6 7. Bxf6 Qxf6 8. a3 Bxc3+ 9. Qxc3 c6 10. e3 O-O 11. Nf3 Bf5 12. Be2 Nd7 13. O-O Rfe8 14. b4 a6 15. Rfc1 Qd6 16. a4 Nf6 17. Qc5 Qe6 18. b5 Ne4 19. Qb6 Nxf2 20. Ne5 f6 21. Kxf2 fxe5 22. bxc6 exd4 23. Qxd4 bxc6 24. Rc5 Rf8 25. Kg1 Qg6 26. Qh4 Be4 27. Qg4 Qf6 28. Rf1 Qd6 29. Rfc1 Bf5 30. Qf4 Qxf4 31. exf4 Bd7 32. g3 a5 33. Bf3 Rfb8 34. Kf2 Ra7 35. Ke3 Rb4 36. Ra1 Kf8 37. g4 Ke7 38. f5 Kd6 39. Rcc1 c5 40. Rd1 d4+ 41. Kf4 Bxa4 42. Re1 Bb3 43. Bd1 d3+ 44. Kg3 d2 45. Re3 Bxd1 46. Rxd1 Rd4 47. Re2 a4 48. Rexd2 Rxd2 49. Rxd2+ Ke5 50. Re2+ Kd4 51. Kf4 a3 52. Ra2 Kc3 53. h4 Kb3 54. Ra1 0-1

[Event "November 21 Early 2023"]
[Site "https://www.chess.com"]
[Date "2023.11.21"]
[Round "1"]
[White "Fier, Alexandr"]
[Black "Kuznetsova, Olga"]
[Result "1-0"]
[Board "89"]
[TimeControl "180+1"]
[WhiteFideId "2107139"]
[BlackFideId "4191323"]
[WhiteElo "2578"]
[BlackElo "2134"]
[WhiteTeam "BRA"]
[BlackTeam "RUS"]
[WhiteClock "0:02:08"]
[BlackClock "0:00:07"]

1. Nf3 Nf6 2. g3 e6 3. Bg2 d5 4. O-O Be7 5. d3 O-O 6. Nbd2 b5 7. e4 Bb7 8. e5 Nfd7 9. Re1 c5 10. Nf1 Nc6 11. h4 Qc7 12. Bf4 Rfc8 13. h5 h6 14. Ne3 a5 15. Nxd5 exd5 16. e6 Bd6 17. exd7 Qxd7 18. Qd2 Bxf4 19. Qxf4 Re8 20. a4 bxa4 21. Qxa4 Qd6 22. d4 c4 23. c3 Rab8 24. Rxe8+ Rxe8 25. Qb5 Rb8 26. Nh4 Ne7 27. Qxa5 Ra8 28. Qxa8+ Bxa8 29. Rxa8+ Kh7 30. Rf8 Nf5 31. Rxf7 Nxh4 32. gxh4 Qe6 33. Rf4 Kg8 34. Kh2 Qd6 35. Kg3 Kh8 36. Bh3 Kg8 37. Bf5 Kh8 38. Kg4 Kg8 39. Bg6 Qd7+ 40. Rf5 Qe6 41. Kg3 Qe1 42. Kh2 Qd2 43. Kg2 Qe2 44. Re5 Qg4+ 45. Kf1 Qh3+ 46. Ke1 Qg4 47. Re8# 1-0

[Event "November 21 Early 2023"]
[Site "https://www.chess.com"]
[Date "2023.11.21"]
[Round "1"]
[White "Mazurkiewicz, Michal"]
[Black "Hulka, Valentyn"]
[Result "1-0"]
[Board "90"]
[TimeControl "180+1"]
[WhiteFideId "1124943"]
[BlackFideId "34107061"]
[WhiteElo "2124"]
[BlackElo "2163"]
[WhiteTeam "POL"]
[BlackTeam "UKR"]
[WhiteClock "0:00:05"]
[BlackClock "0:00:00"]

1. e4 c5 2. Nf3 Nc6 3. g3 Nf6 4. d3 d5 5. Nbd2 e5 6. Bg2 d4 7. Nc4 Qc7 8. a4 Be6 9. b3 Be7 10. O-O Nd7 11. Ng5 Bxg5 12. Bxg5 f6 13. Bd2 O-O-O 14. a5 g5 15. f4 gxf4 16. gxf4 Rhg8 17. Kh1 Rg7 18. f5 Bf7 19. Bf3 Rgg8 20. Rg1 Ndb8 21. Qe1 Rxg1+ 22. Qxg1 Rg8 23. Qf2 Qe7 24. Rg1 Rxg1+ 25. Qxg1 Bxc4 26. bxc4 Qf7 27. h4 Nb4 28. h5 N8c6 29. Bd1 Kd7 30. h6 Nxa5 31. Qg7 Ke8 32. Qh8+ Ke7 33. Kh2 Nac6 34. Kh3 a5 35. Kh4 a4 36. Bh5 Qf8 37. Qxh7+ Kd6 38. Qxb7 a3 39. Bxb4 Nxb4 40. Qg7 Qxg7 41. hxg7 a2 42. g8=Q a1=Q 43. Qd8+ Kc6 44. Be8+ Kb7 45. Qd7+ Kb8 46. Qb5+ Ka8 47. Bc6+ Nxc6 48. Qxc6+ Kb8 49. Qb6+ Ka8 50. Qd8+ Kb7 51. Qxf6 Qh1+ 52. Kg5 Qg2+ 53. Kh6 Qh2+ 54. Kg7 Qxc2 55. Qxe5 Qxd3 56. Qd5+ Kb6 57. Qd6+ Kb7 58. Qd5+ Kb6 59. f6 Qg3+ 60. Kf7 d3 61. Ke6 Qh3+ 62. Ke7 Qh7+ 63. f7 Qh4+ 64. Ke8 Qh5 65. Qxh5 1-0

[Event "November 21 Early 2023"]
[Site "https://www.chess.com"]
[Date "2023.11.21"]
[Round "1"]
[White "Skvortsov, Andrei"]
[Black "szachmistrz2500"]
[Result "1-0"]
[Board "91"]
[TimeControl "180+1"]
[WhiteFideId "24108600"]
[WhiteElo "2357"]
[BlackElo "2432"]
[WhiteTeam "MNE"]
[WhiteClock "0:00:50"]
[BlackClock "0:01:01"]

1. e4 c5 2. d4 cxd4 3. Qxd4 Nc6 4. Qd3 a6 5. Be2 g6 6. Nc3 Bg7 7. Nf3 d6 8. O-O Bg4 9. Nd5 Rc8 10. c3 h5 11. Bg5 Nf6 12. Nxf6+ exf6 13. Be3 Ne5 14. Nxe5 fxe5 15. f3 Be6 16. b3 Qc7 17. Rac1 h4 18. Rfd1 Rd8 19. Bg5 Rd7 20. h3 Bh6 21. Bxh6 Rxh6 22. Qe3 Rh5 23. Kf2 Qd8 24. c4 Rg5 25. c5 Rg3 26. cxd6 Rxd6 27. Rxd6 Qxd6 28. Qa7 Qb4 29. Rc7 Kf8 30. Qc5+ Qxc5+ 31. Rxc5 Bxh3 32. gxh3 Rxh3 33. a4 Rh1 34. Bf1 h3 35. Rc1 h2 36. Kg2 Rg1+ 37. Kxh2 Rg5 38. Rc7 b5 39. axb5 axb5 40. Bxb5 Kg7 41. Bc4 Rh5+ 42. Kg3 Kh6 43. Rxf7 Kg5 44. Re7 Kf6 45. Re6+ Kg7 46. b4 Rh1 47. b5 Rc1 48. Rc6 Kh6 49. Bf7 Rb1 50. b6 Kg7 51. Bxg6 Kh6 52. Bf5+ Kg5 53. Bc8 Rg1+ 54. Kf2 Rb1 55. b7 Kf4 56. Rf6+ Kg5 57. Rf5+ Kg6 58. Ke3 Rb3+ 59. Kd2 Rb2+ 60. Kc3 Rb1 61. Kc4 Rb2 62. Kd5 Rb1 63. Kd6 Rd1+ 64. Kc7 Rc1+ 65. Kb8 Rb1 66. Be6 Rc1 67. Bd5 Rc2 68. Ka7 Rc5 69. b8=Q Ra5+ 70. Kb6 1-0

[Event "November 21 Early 2023"]
[Site "https://www.chess.com"]
[Date "2023.11.21"]
[Round "1"]
[White "Daniel_Salinas"]
[Black "Arifarsky"]
[Result "0-1"]
[Board "92"]
[TimeControl "180+1"]
[WhiteElo "2431"]
[BlackElo "2773"]
[WhiteClock "0:00:01"]
[BlackClock "0:00:15"]

1. e4 c5 2. Nf3 Nc6 3. d4 cxd4 4. Nxd4 g6 5. c4 Bg7 6. Be3 Nf6 7. Nc3 O-O 8. Be2 d6 9. O-O Nxd4 10. Bxd4 Be6 11. h3 Rc8 12. b3 a6 13. Qd2 Qa5 14. Rfd1 Rfe8 15. Nd5 Qxd2 16. Nxf6+ Bxf6 17. Rxd2 Bxd4 18. Rxd4 Rc5 19. f4 Rec8 20. Kf2 f6 21. a4 a5 22. g4 R8c6 23. Rd3 Rb6 24. Rad1 Rb4 25. Re3 Bf7 26. Rd4 h6 27. h4 g5 28. hxg5 hxg5 29. f5 Rb6 30. Rd1 Re5 31. Rh1 Kg7 32. Bd1 Rc6 33. Bc2 Rc8 34. Reh3 Rg8 35. Rh7+ Kf8 36. Bd3 Ke8 37. Rh8 Kf8 38. Ke3 Rc5 39. Kd4 Rxh8 40. Rxh8+ Bg8 41. Rh2 Kg7 42. Rb2 Rc6 43. b4 axb4 44. Rxb4 Rc7 45. Rb6 Kf8 46. a5 Bf7 47. Rb5 Be8 48. Rb6 Bc6 49. Rb4 Ke8 50. Rb6 Kd7 51. Bc2 Rc8 52. Bb3 Kc7 53. Kc3 Ra8 54. Kb4 Bxe4 55. Bd1 Bc6 56. Be2 Rh8 57. Kc3 Rh3+ 58. Bd3 Be4 0-1